 Dungeon Crawl Stone Soup version 0.27.0-1-g7a089689b8 (webtiles) character file.

Game seed: 18388857112833196266

30 tilp the Digger (level 3, 0/19 HPs)
             Began as a Gargoyle Earth Elementalist on Aug 5, 2021.
             Slain by a jackal (3 damage)
             ... on level 1 of the Dungeon.
             The game lasted 00:01:43 (1245 turns).

tilp the Digger (Gargoyle Earth Elementalist)       Turns: 1245, Time: 00:01:44

Health: 0/19       AC:  5    Str: 11    XL:     3   Next: 18%
Magic:  3/6        EV: 11    Int: 16    God:
Gold:   112        SH:  0    Dex: 10    Spells: 0/6 levels left

rFire    . . .     SeeInvis .   a - +0 dagger (freeze)
rCold    . . .     Faith    .   (no shield)
rNeg     + . .     Spirit   .   e - +0 robe
rPois    ∞         Reflect  .   (no helmet)
rElec    +         Harm     .   (no cloak)
rCorr    .         Rampage  .   (no gloves)
Will     .....                  (no boots)
Stlth    ++........             (no amulet)
HPRegen  0.06/turn              (no ring)
MPRegen  0.10/turn              (no ring)

@: no status effects
A: sickness immunity, AC +3, negative energy resistance 1, electricity
resistance, torment resistance 1, petrification resistance
a: no special abilities


You were on level 1 of the Dungeon.
You visited 1 branch of the dungeon, and saw 2 of its levels.

You collected 112 gold pieces.

Inventory:

Hand Weapons
 a - a +0 dagger of freezing (weapon)
 b - a +0 mace
Missiles
 c - 19 stones
 d - 7 javelins (quivered)
Armour
 e - a +0 robe (worn)


   Skills:
 - Level 1.5 Dodging
 - Level 2.1 Stealth
 - Level 2.0 Spellcasting
 + Level 0.3 Conjurations
 - Level 0.7 Transmutations
 + Level 5.0 Earth Magic


You couldn't memorise any spells.
You knew the following spells:

 Your Spells              Type           Power      Damage    Failure   Level
a - Sandblast             Erth           34%        2d9       2%          1
b - Passwall              Tmut/Erth      8%         N/A       10%         2
c - Stone Arrow           Conj/Erth      20%        3d8       21%         3

Your spell library contained the following spells:

 Spells                   Type           Power      Damage    Failure   Level
 Petrify                  Tmut/Erth      10%        N/A       54%         4


Dungeon Overview and Level Annotations

Branches:
Dungeon (2/15)

Altars:


Innate Abilities, Weirdness & Mutations

You are immune to sickness and miasma.
Your stone body is resilient. (AC +3)
You are immune to poison.
You resist negative energy. (rN+)
You are resistant to electric shocks. (rElec)
You are resistant to unholy torment.
You are immune to petrification.


Message History

The jackal closely misses you. The jackal bites you.
* * * LOW HITPOINT WARNING * * *
The jackal bites you but does no damage. x2
The jackal closely misses you.
You aren't carrying any scrolls.
Unknown command.
You aren't carrying any potions.
Unknown command.
The jackal bites you.
* * * LOW HITPOINT WARNING * * *
Casting: Sandblast (safe; 2% risk of failure)
Confirm with . or Enter, or press ? or * to list all spells.
Aiming: Sandblast (safe; 2% risk of failure)
Press: ? - help, Shift-Dir - straight line, f - jackal
Aim: a jackal (74% to hit)
The blast of sand hits the jackal!
You kill the jackal!
c - 21 stones The jackal bites you but does no damage.
Casting: Sandblast (safe; 2% risk of failure)
Confirm with . or Enter, or press ? or * to list all spells.
Aiming: Sandblast (safe; 2% risk of failure)
Press: ? - help, Shift-Dir - straight line, f - jackal
Aim: a jackal (moderately wounded, 74% to hit)
The blast of sand hits the jackal.
The jackal is almost dead.
c - 20 stones The jackal closely misses you.
The jackal bites you.
* * * LOW HITPOINT WARNING * * *
The jackal barely misses you.
Casting: Sandblast (safe; 2% risk of failure)
Confirm with . or Enter, or press ? or * to list all spells.
Aiming: Sandblast (safe; 2% risk of failure)
Press: ? - help, Shift-Dir - straight line, f/p - jackal
Aim: a jackal (severely wounded, 74% to hit)
The blast of sand hits the jackal.
You kill the jackal!
c - 19 stones The jackal bites you.
You die...

#.##.#÷#....#
#.##.#.#....#
#.##.#.#....# #
##.##.#.#....##########
#
#.........####........#
# #.........#
#........# #
#.........# #........#
#
#......[..####........#
#
#..........@..........#
#...........h.........#
#..............._.....#
#............##########
##########...# #...#
#...# #...# ########
#...# #.......


You could see a jackal.

Vanquished Creatures
  2 endoplasms (D:1)
  A giant cockroach (D:1)
  5 goblins (D:1)
  4 hobgoblins (D:1)
  2 jackals (D:1)
  2 kobolds (D:1)
  A quokka (D:1)
  5 ball pythons
  4 bats (D:1)
  A frilled lizard (D:1)
  2 rats (D:1)
29 creatures vanquished.

Vanquished Creatures (others)
  5 toadstools (D:1)
5 creatures vanquished.

Grand Total: 34 creatures vanquished

Notes
Turn   | Place    | Note
-------+----------+-------------------------------------------
     0 | D:1      | tilp the Gargoyle Earth Elementalist began the quest for
                  | the Orb.
     0 | D:1      | Reached XP level 1. HP: 10/10 MP: 3/3
   112 | D:1      | Reached skill level 4 in Earth Magic
   129 | D:1      | Reached XP level 2. HP: 11/15 MP: 5/5
   720 | D:1      | Found a faded altar of an unknown god.
   941 | D:1      | Reached skill level 5 in Earth Magic
   941 | D:1      | Reached XP level 3. HP: 19/19 MP: 6/6
   944 | D:1      | Learned a level 2 spell: Passwall
   948 | D:1      | Learned a level 3 spell: Stone Arrow
  1245 | D:1      | Slain by a jackal

Illustrated notes

Levels and vault maps discovered:
D:1:      ncdulo_lavacross, layout_basic, basic_ecumenical_altar,
          minmay_gold_behind_fungi
D:2:      layout_basic, uniq_terence

Skill      XL: |  1  2 |
---------------+-------+-----
Earth Magic    | 4 5 |  5.0
Dodging        | |  1.5
Stealth        | |  2.1
Spellcasting   | |  2.0
Conjurations   | |  0.3
Transmutations | |  0.7

Action                   || total
-------------------------++-------
Melee: Short sword       ||    19
       Dagger            ||    49
 Cast: Sandblast         ||    11
  Use: Scroll            ||     2
Armor: Robe              ||    40
Dodge: Dodged            ||    66
